[Event "Early-Titled-Tuesday-Blitz-February-27-2024"]
[Site "Chess.com"]
[Date "2024.02.27"]
[Round "11"]
[White "Kotofeyca"]
[Black "burbur555"]
[Result "1-0"]
[WhiteElo "2456"]
[BlackElo "2556"]
[TimeControl "180+1"]
[EndTime "10:06:08 PST"]
[Termination "Kotofeyca won by checkmate"]

1. d4 c6 2. c4 d5 3. Nc3 Nf6 4. cxd5 cxd5 5. Bf4 e6 6. e3 a6 7. Bd3 Nc6 8. Nf3 Bd6 9. Bg5 h6 10. Bh4 b5 11. a4 b4 12. Na2 a5 13. Qe2 O-O 14. Nc1 e5 15. dxe5 Nxe5 16. Nxe5 Bxe5 17. Nb3 Qd6 18. Bg3 Bxg3 19. hxg3 Bg4 20. Qd2 Qe5 21. O-O Be6 22. Nd4 Qh5 23. Be2 Bg4 24. Bf3 Rac8 25.
Rac1 Ne4 26. Qd3 Bxf3 27. gxf3 Ng5 28. Qf5 Rcd8 29. Kg2 g6 30. Qf4 Qh3+ 31. Kg1 Qd7 32. Qf6 Qxa4 33. Rc6 Kh7 34. Kg2 Rc8 35. Rh1 Rxc6 36.
Qxg5 h5 37. Nf5 Rh8 38. Qh6+ Kg8 39. Qg7# 1-0

[Event "Early-Titled-Tuesday-Blitz-February-27-2024"]
[Site "Chess.com"]
[Date "2024.02.27"]
[Round "11"]
[White "FredddieCroderg"]
[Black "tarno17"]
[Result "0-1"]
[WhiteElo "2272"]
[BlackElo "2161"]
[TimeControl "180+1"]
[EndTime "10:06:08 PST"]
[Termination "tarno17 won on time"]

1. e4 c5 2. Bc4 e6 3. Qf3 a6 4. d3 b5 5. Bb3 Bb7 6. Qg3 d5 7.
exd5 exd5 8. c4 dxc4 9. dxc4 Nf6 10. Nf3 Bd6 11. Qh4 O-O 12. O-O Bxf3 13. gxf3 Nbd7 14.
Nc3 Ne5 15. Kg2 Ng6 16. Qh3 Bf4 17. Kh1 Qc7 18. Bxf4 Nxf4 19. Qg3 N6h5 20. Qg4 b4 21. Nd5 Qe5 22. Rae1 Qxb2 23. Ne7+ Kh8 24. Rg1 Rae8 25. Qg5 Qf6 26. Qxf6 Nxf6 27. Nf5 Nd3 28. Rxe8 Rxe8 29. Nd6 Rf8 30. Kg2 Nh5 31. Rd1 Nhf4+ 32. Kg3 g5 33. Bc2 Ne5 34. Nf5 h5 35. Rd6 h4+ 36. Nxh4 Ne2+ 37. Kg2 gxh4 38. Rh6+ Kg7 39. Rh5 Nf4+ 0-1

[Event "Early-Titled-Tuesday-Blitz-February-27-2024"]
[Site "Chess.com"]
[Date "2024.02.27"]
[Round "11"]
[White "1mbl4"]
[Black "Grandmaster1369"]
[Result "0-1"]
[WhiteElo "2615"]
[BlackElo "2767"]
[TimeControl "180+1"]
[EndTime "10:06:09 PST"]
[Termination "Grandmaster1369 won on time"]

1. d4 Nf6 2. Bf4 d5 3. Nc3 c5 4.
e3 Bf5 5. Nb5 Na6 6. c3 e6 7. a4 Be7 8. h3 h6 9. Nf3 O-O 10. Be2 Ne4 11. O-O c4 12. b3 cxb3 13.
Qxb3 Qa5 14. Rfc1 Rfc8 15. Ra2 Nb8 16. Ne5 a6 17. Rca1 Nc6 18. f3 Nf6 19. Nd3 Qd8 20. Na3 Na5 21. Qc2 Nc4 22. Nb1 g5 23. Bh2 Nxe3 24. Qd2 Nc4 25. Qe1 Qa5 26. Nb4 Bd6 27.
Bxc4 Bxh2+ 28. Kxh2 Rxc4 29. Qe5 Qc7 30. g4 Bxb1 31. Rxb1 Rxc3 32. Kg2 Qxe5 33. dxe5 Nd7 34. Re2 Rac8 35. Na2 Rc2 36. Rb2 Rxe2+ 37. Rxe2 Rc4 38. a5 Ra4 39. Rb2 Rxa5 40. Nc3 b5 41. h4 Nxe5 42. hxg5 hxg5 43. Kg3 Ra3 44. Rc2 Nc4 45. Ne2 e5 46. Kf2 d4 47. Ng3 d3 48. Rc1 Ra2+ 49.
Kg1 d2 50. Rd1 Ne3 0-1

[Event "Early-Titled-Tuesday-Blitz-February-27-2024"]
[Site "Chess.com"]
[Date "2024.02.27"]
[Round "11"]
[White "db-banana"]
[Black "jk13"]
[Result "0-1"]
[WhiteElo "2492"]
[BlackElo "2692"]
[TimeControl "180+1"]
[EndTime "10:06:09 PST"]
[Termination "jk13 won on time"]

1. e4 e5 2. Nf3 Nc6 3. Bc4 Bc5 4. c3 Nf6 5. d3 O-O 6. Nbd2 d5 7. exd5 Nxd5 8.
O-O Nb6 9. Bb5 f6 10. Ne4 Be7 11. Bxc6 bxc6 12. d4 f5 13. Nc5 e4 14. Ne5 Qd5 15.
Qb3 Kh8 16. Qxd5 cxd5 17. a4 f4 18. a5 Bxc5 19. axb6 Bxb6 20. Rd1 Be6 21. b3 Rad8 22. Ba3 Rfe8 23. Bb2 c5 24. Bc1 cxd4 25. cxd4 g5 26. h4 h6 27. hxg5 hxg5 28. g3 Rf8 29. gxf4 gxf4 30. Bxf4 Kg7 31. Bg3 Rh8 32. Nc6 Bg4 33.
Nxd8 Rxd8 34. Rdc1 Bf3 35. Rxa7+ Bxa7 36. Rc7+ Kg6 37.
Rxa7 Rh8 38. Bh2 Kf5 39. Rf7+ Ke6 40. Rg7 Ra8 41. Rg6+ Kf5 0-1

[Event "Early-Titled-Tuesday-Blitz-February-27-2024"]
[Site "Chess.com"]
[Date "2024.02.27"]
[Round "11"]
[White "Arlo2024"]
[Black "ricaurtelopezj1955"]
[Result "0-1"]
[WhiteElo "2290"]
[BlackElo "2187"]
[TimeControl "180+1"]
[EndTime "10:06:09 PST"]
[Termination "ricaurtelopezj1955 won by checkmate"]

1. e4 e5 2. Nf3 d5 3. Nxe5 Bd6 4. d4 dxe4 5. Be2 Nd7 6. Nc4 Ngf6 7. Nc3 O-O 8. O-O h6 9. Nxd6 cxd6 10. Bf4 d5 11. Qd2 Re8 12. Nd1 Nf8 13. h3 Ne6 14. Be5 Ng5 15.
Ne3 Bxh3 16. gxh3 Nxh3+ 17. Kg2 Ng5 18. Bxf6 Qxf6 19. Nxd5 Qf5 20. Nf4 Rad8 21. Qe3 Rxd4 22. Qxd4 Qxf4 23. Qe3 Qf5 24. Rad1 Re6 25. Rg1 Rf6 26.
Kf1 Kh7 27. Bg4 Qe5 28. Qd4 Qh2 29. Be2 Rf4 30. Qe3 Nh3 31. Qg3 Rxf2+ 32. Ke1 Rxe2+ 33.
Kf1 Rf2+ 34. Ke1 Re2+ 35. Kf1 Qxg1+ 36. Qxg1 Nxg1 37. Kxg1 Rxc2 38. Rd7 f5 39. Rxb7 f4 40. b4 e3 41. Rxa7 f3 42. Re7 Rc1+ 43. Kh2 f2 44.
Rf7 f1=Q 45. Rxf1 Rxf1 46. b5 e2 47. Kg2 e1=Q 48. b6 Qf2+ 49. Kh3 Rg1 50. b7 Qg3# 0-1

[Event "Early-Titled-Tuesday-Blitz-February-27-2024"]
[Site "Chess.com"]
[Date "2024.02.27"]
[Round "11"]
[White "vi_pranav"]
[Black "ChessLover0108"]
[Result "1-0"]
[WhiteElo "3112"]
[BlackElo "2967"]
[TimeControl "180+1"]
[EndTime "10:06:11 PST"]
[Termination "vi_pranav won by resignation"]

1. d4 Nf6 2. Nc3 d5 3. Bf4 c6 4.
e3 Bf5 5. Nf3 e6 6. Ne5 Qb6 7.
Rb1 Bb4 8. g4 Bg6 9. Bg2 Nbd7 10.
O-O Nxe5 11. Bxe5 O-O 12. h3 Nd7 13. Bg3 Qa6 14. Ne2 Qxa2 15. Nf4 Qa6 16. h4 Qc4 17.
Rc1 e5 18. dxe5 Nxe5 19. h5 Be4 20. f3 Bc5 21. Bf2 Rad8 22. b3 Qb5 23. Re1 Rfe8 24. Bh4 f6 25. Bf2 h6 26. fxe4 dxe4 27. Qe2 Qxe2 28.
Rxe2 Nxg4 29. Bh3 Ne5 30. Bf5 Nf3+ 31. Kh1 Re5 32. Be6+ Kf8 33. Ng6+ Ke8 34. Nxe5 Nxe5 35. Bf5 Nf3 36. Bxe4 Ng5 37. Bg2 Rd7 38. e4 Ba3 39. Ra1 Bd6 40. Rd1 1-0

[Event "Early-Titled-Tuesday-Blitz-February-27-2024"]
[Site "Chess.com"]
[Date "2024.02.27"]
[Round "11"]
[White "Manukyan_Artak"]
[Black "AttackSparrow"]
[Result "1-0"]
[WhiteElo "2500"]
[BlackElo "2626"]
[TimeControl "180+1"]
[EndTime "10:06:11 PST"]
[Termination "Manukyan_Artak won on time"]

1. e4 e5 2. Nf3 Nc6 3. d4 exd4 4. Nxd4 Bc5 5. Nxc6 Qf6 6. Qf3 bxc6 7. Nc3 Bd4 8.
Bc4 a5 9. Bd2 a4 10. a3 Ne7 11.
Qxf6 Bxf6 12. f4 d6 13. O-O-O O-O 14. Rde1 Ng6 15. g3 Re8 16. h4 h5 17. Bd3 Bg4 18.
Nd1 Bd4 19. Be3 Bxe3+ 20. Rxe3 Nf8 21. Nf2 Nd7 22. Nxg4 hxg4 23. h5 d5 24. e5 Nb6 25.
Rh4 Re6 26. Rxg4 Rh6 27. Rg5 Kf8 28. g4 Rb8 29. f5 Re8 30. Kd2 Nd7 31. e6 fxe6 32.
fxe6 Rhxe6 33. Rxe6 Rxe6 34. Rf5+ Ke7 35. g5 Nc5 36. c4 Rd6 37. cxd5 cxd5 38. Bc2 c6 39. g6 Rf6 40. h6 Rxg6 41. Re5+ Re6 42. hxg7 Kf7 43.
Rg5 Kg8 44. Bh7+ Kxh7 45. g8=Q+ 1-0

[Event "Early-Titled-Tuesday-Blitz-February-27-2024"]
[Site "Chess.com"]
[Date "2024.02.27"]
[Round "11"]
[White "KhazhatulyAlikhan"]
[Black "mary-sanna"]
[Result "0-1"]
[WhiteElo "2419"]
[BlackElo "2212"]
[TimeControl "180+1"]
[EndTime "10:06:12 PST"]
[Termination "mary-sanna won on time"]

1. e4 c5 2. Nf3 Nc6 3. d4 cxd4 4. Nxd4 g6 5. c4 Bg7 6. Nc2 Nf6 7. Nc3 O-O 8. Be2 d6 9. O-O Be6 10. Be3 Nd7 11. Nd4 Nxd4 12. Bxd4 a5 13. Bxg7 Kxg7 14. Qd4+ Kg8 15. b3 Nc5 16. Kh1 Qb6 17. Rab1 Rfc8 18. f4 Nd7 19. Qd2 Nf6 20. f5 Bd7 21. fxg6 hxg6 22. Rxf6 exf6 23. Nd5 Qd8 24. Qd4 Kg7 25.
Rf1 Rc5 26. Nxf6 Re5 27. Qxd6 Re6 28. Qxd7 Rxf6 29. Qxd8 Rxf1+ 30. Bxf1 Rxd8 31. Kg1 Rd1 32. Kf2 Rd2+ 33. Ke3 Rxa2 34. Kd4 Rb2 35. Kc3 Rf2 36. Bd3 Rxg2 37. c5 Rxh2 38. e5 Rh4 39. Kd2 Kf8 40. Ke3 Ke7 41. Be4 Ke6 42. Bxb7 Kxe5 43. c6 Kd6 44. Kd3 Rb4 45. Kc3 g5 0-1

[Event "Early-Titled-Tuesday-Blitz-February-27-2024"]
[Site "Chess.com"]
[Date "2024.02.27"]
[Round "11"]
[White "Winner_7777"]
[Black "ansko1999"]
[Result "0-1"]
[WhiteElo "2573"]
[BlackElo "2746"]
[TimeControl "180+1"]
[EndTime "10:06:13 PST"]
[Termination "ansko1999 won by resignation"]

1. d4 Nf6 2. c4 e6 3. Nc3 Bb4 4. f3 d5 5. a3 Bxc3+ 6. bxc3 c5 7. cxd5 Nxd5 8. dxc5 Qa5 9. e4 Ne7 10. Be3 O-O 11.
Qb3 Qc7 12. Bb5 Nec6 13. Ne2 Na5 14. Qa4 a6 15. Bd3 Rd8 16. Rd1 e5 17. O-O Be6 18. c4 Nd7 19. Qb4 Rac8 20. Nc3 Nxc5 21. Nd5 Bxd5 22. cxd5 Nxd3 23. Rxd3 Nc4 24. Rc1 b5 25. d6 Qd7 26. Bf2 Rc6 27. Rcd1 Qe6 28. a4 Rcxd6 29.
Rxd6 Rxd6 30. Rc1 Qd7 31. axb5 Rd1+ 32. Rxd1 Qxd1+ 33. Be1 axb5 34. Kf1 Ne3+ 35. Kf2 Nc2 36. Qd2 Qxe1+ 37. Qxe1 Nxe1 38. Kxe1 Kf8 39. Kd2 Ke7 40.
Kc3 Kd6 41. Kb4 Kc6 0-1

[Event "Early-Titled-Tuesday-Blitz-February-27-2024"]
[Site "Chess.com"]
[Date "2024.02.27"]
[Round "11"]
[White "chessamical"]
[Black "RJRA94"]
[Result "0-1"]
[WhiteElo "2156"]
[BlackElo "2315"]
[TimeControl "180+1"]
[EndTime "10:06:15 PST"]
[Termination "RJRA94 won on time"]

1. d4 Nf6 2. Bf4 d5 3. e3 c5 4. Nf3 Nc6 5. Nbd2 Qb6 6. dxc5 Qxb2 7. Rb1 Qc3 8. Bb5 e6 9. O-O Be7 10. Ne5 Bd7 11. Nd3 O-O 12. Bc7 b6 13. cxb6 axb6 14. a4 Bd8 15. Bd6 Be7 16. Bxc6 Bxd6 17. Bxd7 Nxd7 18.
e4 Rxa4 19. exd5 exd5 20. Nb3 Nf6 21. Nb2 Bxh2+ 22. Kxh2 Rh4+ 23. Kg1 Qe5 24. g3 Rg4 25. Qf3 h5 26. Nd3 Qg5 27. Rbe1 Ne4 28. Nf4 Nxg3 29.
Qxg4 Qxg4 30. fxg3 Qxg3+ 31. Ng2 h4 32. Re3 Qg4 33.
Rf4 Qd1+ 34. Kh2 Qxc2 35. Rxh4 f6 36. Reh3 Kf7 37. Nd4 Qg6 38. Rg3 Qb1 39. Rhg4 Rh8+ 40. Rh3 Rxh3+ 41. Kxh3 Qd3+ 42. Kh2 g5 0-1

[Event "Early-Titled-Tuesday-Blitz-February-27-2024"]
[Site "Chess.com"]
[Date "2024.02.27"]
[Round "11"]
[White "shirovin"]
[Black "Dewarfd"]
[Result "0-1"]
[WhiteElo "2069"]
[BlackElo "2148"]
[TimeControl "180+1"]
[EndTime "10:06:15 PST"]
[Termination "Dewarfd won on time"]

1. e4 c5 2. Nf3 Nc6 3. b4 cxb4 4.
c3 d5 5. e5 Bg4 6. Bb5 e6 7.
d4 bxc3 8. Nxc3 Bb4 9. Bd2 Ne7 10. a3 Ba5 11. O-O O-O 12. Ne2 Bxf3 13. gxf3 a6 14. Bd3 f6 15. Qc2 f5 16. Bxa5 Qxa5 17. Rfb1 b5 18. Qc5 Rac8 19. Qd6 Kf7 20. Kh1 Rfd8 21.
Qc5 Nxe5 22. Qxc8 Rxc8 23. dxe5 g5 24. a4 b4 25. Nc1 Ng6 26. Nb3 Qb6 27. Rf1 Nxe5 28.
a5 Qb7 29. Be2 Rc3 30. Nd4 Ng6 31. Rfe1 Nf4 32. Bd1 Rd3 33. Nb3 d4 34. Nc5 Qd5 35. Nxd3 Nxd3 36. Re2 e5 37. Bc2 e4 38. Bxd3 exd3 39.
Rd2 Qxf3+ 40. Kg1 Qg4+ 41. Kf1 Qe4 0-1

[Event "Early-Titled-Tuesday-Blitz-February-27-2024"]
[Site "Chess.com"]
[Date "2024.02.27"]
[Round "11"]
[White "LangesNasenhaar"]
[Black "GlavkonVVS"]
[Result "0-1"]
[WhiteElo "2391"]
[BlackElo "2524"]
[TimeControl "180+1"]
[EndTime "10:06:16 PST"]
[Termination "GlavkonVVS won by checkmate"]

1. d4 Nf6 2. Bg5 c5 3. Bxf6 gxf6 4. d5 Qb6 5. Qc1 Bh6 6. e3 f5 7. c4 d6 8. Bd3 Rg8 9. g3 e6 10. Ne2 Na6 11. a3 Nc7 12. Nbc3 Qa6 13. Qc2 b6 14.
O-O Bd7 15. b4 Rc8 16. e4 f4 17. e5 dxe5 18. d6 Na8 19. b5 Qb7 20. Bxh7 Rg7 21. Ne4 f5 22. N2c3 Kf7 23. Rfe1 Rxh7 24. Rad1 fxe4 25.
Nxe4 Rg7 26. Qe2 Rg6 27. Qh5 Bg7 28. Ng5+ Kf6 29. Ne4+ Kf7 30. Ng5+ Kf6 31. Ne4+ Qxe4 32. Rxe4 Rg5 33. Qf3 Rh8 34. h4 Rf5 35. g4 Rxh4 36.
gxf5 exf5 37. Ree1 e4 38. Qe2 f3 39. Qb2+ Kf7 40.
Qc2 Rg4+ 41. Kf1 Rh4 42. Kg1 Be5 43. Rd5 Bh2+ 44. Kf1 Bxd6 45. Rxd6 Rh1# 0-1

[Event "Early-Titled-Tuesday-Blitz-February-27-2024"]
[Site "Chess.com"]
[Date "2024.02.27"]
[Round "11"]
[White "Alexei_Gubajdullin"]
[Black "GMSrinath"]
[Result "0-1"]
[WhiteElo "2643"]
[BlackElo "2809"]
[TimeControl "180+1"]
[EndTime "10:06:17 PST"]
[Termination "GMSrinath won by resignation"]

1. d4 Nf6 2. Nf3 d5 3. Bf4 c5 4. e3 Nc6 5. Nbd2 Bg4 6. c3 e6 7. Qb3 Qc8 8. Ne5 Nxe5 9. dxe5 Nd7 10. c4 d4 11. Ne4 Be7 12. Bg5 f6 13. exf6 gxf6 14.
Bh6 e5 15. Ng3 Qc6 16. f3 Be6 17. Bd3 b5 18. Be4 Qc8 19. Bxa8 Bxc4 20. Qc2 Qxa8 21.
Nf5 Rg8 22. exd4 cxd4 23. b3 Bb4+ 24. Kf2 Bd5 25. Qc7 Rxg2+ 26. Kxg2 Bxf3+ 27. Kf2 Bxh1 28.
Rxh1 Qxh1 29. Qc8+ Kf7 30. Qxd7+ Kg6 31. Nh4+ Kxh6 32.
Nf3 Qc1 33. Qh3+ Kg6 34. Qg4+ Kf7 35. Qh5+ Ke6 36. Qxh7 Qe3+ 37. Kg3 Be1+ 38. Kg4 Qf4+ 39.
Kh5 Qxf3+ 40. Kg6 Qe4+ 41. Kg7 Qxh7+ 42. Kxh7 d3 43. h4 Bxh4 0-1

[Event "Early-Titled-Tuesday-Blitz-February-27-2024"]
[Site "Chess.com"]
[Date "2024.02.27"]
[Round "11"]
[White "vovachesss"]
[Black "ProChessWICTH"]
[Result "0-1"]
[WhiteElo "2739"]
[BlackElo "2538"]
[TimeControl "180+1"]
[EndTime "10:06:17 PST"]
[Termination "ProChessWICTH won on time"]

1. e4 c5 2. Nf3 e6 3. g3 Nc6 4. Bg2 g6 5. O-O Bg7 6. c3 Nge7 7. d4 cxd4 8. Nxd4 Nxd4 9. cxd4 d5 10. e5 O-O 11. Nc3 b6 12. Bg5 Ba6 13. Re1 Qd7 14.
Bxe7 Qxe7 15. Qa4 Qb7 16. Bf1 Bxf1 17. Kxf1 Rfc8 18. Rac1 Rc4 19. Qb3 Rac8 20. Ne2 Bf8 21. a3 R8c7 22. Rc3 b5 23. Rec1 a5 24. h4 b4 25. axb4 axb4 26. Rxc4 dxc4 27. Rxc4 Qd5 28. Rxc7 Qxb3 29. Nf4 Qxb2 30. d5 Qxe5 31. Rb7 exd5 32. Rb5 Qe8 33. Rb7 Qc6 34. Rb8 Qc4+ 35. Kg1 b3 36. h5 g5 37. Nh3 h6 38. Kg2 Kg7 39. Ng1 Qe4+ 40. Kf1 Qb1+ 41. Kg2 b2 42. Nf3 Qc2 0-1

[Event "Early-Titled-Tuesday-Blitz-February-27-2024"]
[Site "Chess.com"]
[Date "2024.02.27"]
[Round "11"]
[White "annacramling"]
[Black "BallottiLuca"]
[Result "1-0"]
[WhiteElo "2126"]
[BlackElo "2364"]
[TimeControl "180+1"]
[EndTime "10:06:18 PST"]
[Termination "annacramling won by resignation"]

1. e3 h5 2. d3 a5 3. Be2 h4 4.
Nf3 e6 5. h3 Be7 6. Nc3 b6 7.
e4 Bb7 8. Bf4 d6 9. e5 d5 10.
Qd2 c5 11. d4 Nc6 12. Nb5 Ba6 13.
a4 Rc8 14. Nd6+ Bxd6 15. Bxa6 Be7 16. Bxc8 Qxc8 17. O-O cxd4 18. Nxd4 Nxd4 19. Qxd4 Bc5 20. Qd3 Ne7 21. c3 Nf5 22. b4 Be7 23. Qb5+ Kf8 24.
Qxb6 Bd8 25. Qc5+ Qxc5 26. bxc5 Ke7 27. c6 Bc7 28. Rab1 Rc8 29. Rb7 Ke8 30. Rfb1 g5 31. Bxg5 Bxe5 32. R1b6 f6 33. Bd2 Bc7 34. Ra6 Nd6 35.
Rba7 Ne4 36. Be3 Nxc3 37. Ra8 Rxa8 38. Rxa8+ Ke7 39. Bc5+ Kf7 40. Ra7 Nxa4 41. Rxc7+ Kg6 42. Ba3 e5 43. Rd7 d4 44. c7 Nb6 45. Rd8 d3 46. Rxd3 e4 47. Rd8 1-0

[Event "Early-Titled-Tuesday-Blitz-February-27-2024"]
[Site "Chess.com"]
[Date "2024.02.27"]
[Round "11"]
[White "Knightmare1014"]
[Black "balack95"]
[Result "1-0"]
[WhiteElo "2339"]
[BlackElo "2462"]
[TimeControl "180+1"]
[EndTime "10:06:20 PST"]
[Termination "Knightmare1014 won by resignation"]

1. e4 c5 2. Nf3 e6 3. d4 cxd4 4.
Nxd4 Nc6 5. Nb5 d6 6. c4 Nf6 7. N1c3 a6 8. Na3 Qa5 9. Bd2 Be7 10. Be2 O-O 11. O-O Qe5 12. Bd3 Nb4 13. Bb1 d5 14.
cxd5 exd5 15. exd5 Nfxd5 16. Nxd5 Nxd5 17. Nc4 Qd4 18.
Qc2 g6 19. Ne3 Nxe3 20. Bxe3 Qh4 21. Qe2 Bg4 22. f3 Be6 23. Bf2 Qf4 24. Be4 Rab8 25. Bg3 Bc5+ 26. Kh1 Qf6 27. Bxb8 Rxb8 28. Rac1 b6 29.
Qxa6 Qxb2 30. Qa7 Rd8 31. Rfd1 Kg7 32. Rb1 Rxd1+ 33. Rxd1 Bxa2 34. Qd7 Be6 35. Qd3 Qf2 36. Bd5 Bf5 37. Qc3+ Kh6 38. Bxf7 Qe2 39. Qd2+ Qxd2 40. Rxd2 b5 41. Rd5 Bf2 42. Rxb5 Kg7 43. Bc4 h5 44. Rb7+ Kf6 45. Bb5 h4 46. Bd7 Bd3 47. Rb2 Be1 48. Kg1 Bc3 49. Rb3 Bd4+ 50. Kh1 Be2 51. Rb4 Bf2 52.
Rb2 Bxf3 53. Rxf2 1-0

[Event "Early-Titled-Tuesday-Blitz-February-27-2024"]
[Site "Chess.com"]
[Date "2024.02.27"]
[Round "11"]
[White "wannabe2700"]
[Black "Vaathi_Coming"]
[Result "1-0"]
[WhiteElo "2766"]
[BlackElo "2889"]
[TimeControl "180+1"]
[EndTime "10:06:21 PST"]
[Termination "wannabe2700 won on time"]

1. b3 e6 2. Bb2 Nf6 3. Nf3 b6 4. g3 Bb7 5. Bg2 Be7 6. O-O O-O 7. c4 c6 8. d3 d5 9. Nbd2 Nbd7 10. Qc2 c5 11. e4 d4 12. e5 Ne8 13. Rfe1 a6 14. b4 cxb4 15. Nb3 a5 16. Nbxd4 a4 17. Nb5 Ra5 18. d4 Qa8 19. Re3 Rxb5 20. cxb5 Bd5 21. Ne1 Bd8 22. Bxd5 Qxd5 23. Qxa4 Bg5 24. f4 Be7 25.
Nd3 Nc7 26. Nxb4 Qb7 27. Nc6 Nd5 28. Rd3 Nb8 29. Rc1 Nxc6 30. bxc6 Qc7 31. Ba3 h5 32.
Bxe7 Qxe7 33. Qa3 Qc7 34. Qd6 Qa7 35. c7 Qb7 36. Qd8 Qa6 37. Qxf8+ Kh7 38. Rd2 Nxc7 39. Rxc7 Qa3 40. Qxf7 Qe3+ 41. Kf1 Qf3+ 42. Ke1 Qh1+ 43.
Ke2 Qe4+ 44. Kd1 Qb1+ 45. Ke2 Qe4+ 46. Kf2 1-0

[Event "Early-Titled-Tuesday-Blitz-February-27-2024"]
[Site "Chess.com"]
[Date "2024.02.27"]
[Round "11"]
[White "averageFM"]
[Black "RobertoJBM"]
[Result "0-1"]
[WhiteElo "2639"]
[BlackElo "2840"]
[TimeControl "180+1"]
[EndTime "10:06:21 PST"]
[Termination "RobertoJBM won by resignation"]

1. d4 d5 2. e4 dxe4 3. Nc3 Nf6 4. f3 exf3 5. Nxf3 Bg4 6. h3 Bxf3 7. Qxf3 c6 8. Be3 e6 9. O-O-O Bb4 10. Ne4 Nxe4 11. Qxe4 Qd5 12. Qg4 Qxa2 13. c3 Bf8 14. Bd3 Nd7 15.
Rhf1 Nf6 16. Qf3 O-O-O 17. g4 h6 18. h4 Nd5 19. Bb1 Qa6 20. Qxf7 Nxe3 21. Qxe6+ Kb8 22.
Qxe3 Bd6 23. Bd3 Qa5 24. Bg6 Rhf8 25. Kb1 Qd5 26. Qd3 a6 27. c4 Qe6 28. Bf5 Qe7 29.
Rfe1 Qxh4 30. Qb3 Rfe8 31. Rxe8 Rxe8 32. Bd7 Re1 33. Ka2 Rxd1 34. Qxd1 Qe7 35. Bf5 Qe3 36. d5 Qc5 37. Qe2 cxd5 38. Be6 dxc4 39. Bxc4 Ka7 40.
Qe6 Be5 41. Bd5 Bf6 42. Qf7 Qb6 43. Bb3 a5 44. Qd5 a4 0-1

[Event "Early-Titled-Tuesday-Blitz-February-27-2024"]
[Site "Chess.com"]
[Date "2024.02.27"]
[Round "11"]
[White "lluiss"]
[Black "rhwr"]
[Result "0-1"]
[WhiteElo "2169"]
[BlackElo "2303"]
[TimeControl "180+1"]
[EndTime "10:06:21 PST"]
[Termination "rhwr won on time"]

1. e4 c5 2. Nf3 d6 3. d4 cxd4 4. Nxd4 Nf6 5. Nc3 a6 6. Bg5 e6 7. f4 Be7 8. Qf3 Qc7 9. O-O-O Nbd7 10. Bd3 h6 11. h4 Rb8 12. f5 Ne5 13. Qf2 hxg5 14.
hxg5 Rxh1 15. Rxh1 Nfg4 16. Rh8+ Kd7 17. Qf4 Nxd3+ 18.
cxd3 Ne5 19. fxe6+ fxe6 20. Kb1 b5 21. Nxe6 Qa7 22.
d4 b4 23. Nd5 b3 24. axb3 Rxb3 25. Qf5 Kc6 26. Rxc8+ Kb5 27. Rc7 Qb8 28. Rxe7 Rxb2+ 29. Kxb2 Ka4+ 30. Ka1 Nd3 31. Nc3+ Kb3 32. Qf1 Kxc3 33. Qb1 Nb4 34. Rc7+ Kd2 35. Qb2+ Ke3 36. Rc3+ Kxe4 37.
Qe2+ Kf5 38. g4+ Kg6 39. Qe4+ Kf7 40. g6+ Kg8 41. Rb3 a5 0-1

[Event "Early-Titled-Tuesday-Blitz-February-27-2024"]
[Site "Chess.com"]
[Date "2024.02.27"]
[Round "11"]
[White "Goryachkina"]
[Black "As0nchess"]
[Result "1-0"]
[WhiteElo "2694"]
[BlackElo "2545"]
[TimeControl "180+1"]
[EndTime "10:06:22 PST"]
[Termination "Goryachkina won on time"]

1. e4 c5 2. Nf3 e6 3. d4 cxd4 4. Nxd4 Nc6 5. Nc3 a6 6. Nxc6 bxc6 7. Bd3 d5 8. O-O Nf6 9. Qe2 Be7 10.
b3 O-O 11. Bb2 Re8 12. Rad1 Qc7 13. h3 Bb7 14. Rfe1 c5 15. exd5 exd5 16. Qf1 Bd6 17. Rxe8+ Nxe8 18. Bf5 Nf6 19. Ne2 d4 20. Nc1 a5 21. a4 Re8 22. Bd3 Nd5 23. Ne2 Nb4 24. Bb5 Re7 25. c3 dxc3 26. Bxc3 h6 27. Ng3 Bxg3 28.
fxg3 Qxg3 29. Rd8+ Kh7 30. Qf5+ Qg6 31. Qxg6+ Kxg6 32. Kf2 f6 33. Bc4 h5 34. h4 Kf5 35.
g3 Bc6 36. Rh8 Be8 37. Bd2 g6 38. Rf8 g5 39. hxg5 Bd7 40. gxf6 Re4 41. f7 Kf6 42.
Rd8 1-0

[Event "Early-Titled-Tuesday-Blitz-February-27-2024"]
[Site "Chess.com"]
[Date "2024.02.27"]
[Round "11"]
[White "dosto07"]
[Black "mertfelin"]
[Result "0-1"]
[WhiteElo "2466"]
[BlackElo "2333"]
[TimeControl "180+1"]
[EndTime "10:06:22 PST"]
[Termination "mertfelin won on time"]

1. e4 e5 2. Nf3 Nc6 3. Bb5 a6 4. Ba4 Nf6 5. O-O d6 6. Bxc6+ bxc6 7. d4 Nd7 8. Nc3 a5 9. Re1 Be7 10. b3 O-O 11. Bb2 Ba6 12. Ne2 Bf6 13. Ng3 g6 14. dxe5 dxe5 15. Qd2 Qe7 16. a4 Rfd8 17. Ba3 c5 18.
Qxa5 Bb7 19. Qxc7 Ba6 20. Rad1 Rac8 21. Qa5 Rc6 22. Rd5 Rdc8 23. Red1 Nf8 24. h3 R8c7 25.
Bb2 Re6 26. Ba3 Rec6 27. Nh2 Bc8 28. Ng4 Bg7 29. Ne3 h5 30. Nc4 Be6 31. Rd8 h4 32.
Nf1 Qg5 33. Kh1 Bd7 34. Qa8 Rc8 35. Rxc8 Rxc8 36. Qb7 Bc6 37. Qxc8 Bxe4 38. Nfe3 Qf6 39. Qg4 Bb7 40. f3 Ne6 41. Rd6 Qe7 42. Nd5 Bxd5 43.
Rxd5 Nf4 44. Rd2 f5 45. Rd7 Qxd7 46. Qg5 Qd1+ 47. Kh2 Ne2 48. Bxc5 Qd5 49. Bf2 Nf4 50. Qxh4 Ne6 51. Qg3 e4 0-1

[Event "Early-Titled-Tuesday-Blitz-February-27-2024"]
[Site "Chess.com"]
[Date "2024.02.27"]
[Round "11"]
[White "francyIM"]
[Black "rasmussvane"]
[Result "0-1"]
[WhiteElo "2786"]
[BlackElo "2939"]
[TimeControl "180+1"]
[EndTime "10:06:23 PST"]
[Termination "rasmussvane won by resignation"]

1. c4 e6 2. Nf3 d5 3. e3 Nf6 4. b3 Bd6 5. Bb2 O-O 6. Nc3 a6 7.
cxd5 exd5 8. g3 c6 9. Bg2 Bf5 10. O-O Re8 11. Re1 h6 12. d3 Bh7 13. Qd2 Nbd7 14. Ne2 Nc5 15. Nc1 Qe7 16. Rd1 Rad8 17. Qc2 Nfd7 18. a3 a5 19. Qc3 Qf6 20. Qd2 Qf5 21.
Qxa5 Bg6 22. Nh4 Qg4 23. Bf3 Qe6 24. Nxg6 fxg6 25. Bg2 Rf8 26. Qd2 Rf7 27. Qc2 Rdf8 28. Rf1 Qe7 29. b4 Ne6 30. Nb3 Ng5 31. Nd4 h5 32. h4 Nh7 33. Qe2 Ndf6 34. Bh3 Ng4 35. Bxg4 hxg4 36. Qxg4 g5 37. Ne6 Qd7 38. hxg5 Re7 39. g6 Nf6 40. Qh4 Qxe6 41. Kg2 Qf5 42. Bxf6 gxf6 43. b5 Qxg6 44. bxc6 bxc6 45. Rac1 Rh7 46.
Qa4 Qxd3 47. Qxc6 Qe4+ 48. f3 Qe5 49. f4 Qe6 50. Rfd1 Qe4+ 0-1

[Event "Early-Titled-Tuesday-Blitz-February-27-2024"]
[Site "Chess.com"]
[Date "2024.02.27"]
[Round "11"]
[White "Zohid6"]
[Black "Sanan_Sjugirov"]
[Result "1-0"]
[WhiteElo "2883"]
[BlackElo "2969"]
[TimeControl "180+1"]
[EndTime "10:06:24 PST"]
[Termination "Zohid6 won on time"]

1. e4 c5 2. Nf3 Nc6 3. Bb5 e6 4. O-O Nge7 5. Re1 a6 6. Bxc6 Nxc6 7. d4 cxd4 8. Nxd4 Qc7 9. Nxc6 bxc6 10. c4 d6 11. Nc3 Be7 12. b3 O-O 13. Ba3 c5 14. Bb2 Bb7 15. Qg4 g6 16. Rad1 Rae8 17. h3 Bc6 18. Qf4 e5 19. Qd2 Qb7 20. f4 f5 21.
fxe5 dxe5 22. exf5 Rxf5 23. Nd5 Bh4 24. Re4 Bf2+ 25. Kh1 Bd4 26. Bxd4 cxd4 27. Rde1 Bxd5 28. cxd5 Qxd5 29. Rxd4 Qxd4 30. Qxd4 exd4 31. Rxe8+ Kf7 32. Rd8 Rf4 33. g3 Re4 34. Kg2 Ke7 35. Ra8 d3 36. Ra7+ Ke6 37. Rxa6+ Ke5 38. Ra5+ Kd4 39. Ra4+ Ke3 40.
Rxe4+ Kxe4 41. Kf2 Kd4 42. Ke1 1-0

[Event "Early-Titled-Tuesday-Blitz-February-27-2024"]
[Site "Chess.com"]
[Date "2024.02.27"]
[Round "11"]
[White "m_ezat"]
[Black "Chessdude1987"]
[Result "0-1"]
[WhiteElo "2481"]
[BlackElo "2381"]
[TimeControl "180+1"]
[EndTime "10:06:24 PST"]
[Termination "Chessdude1987 won by checkmate"]

1. d4 e6 2. c4 f5 3. Nc3 Nf6 4. Qc2 Bb4 5. e3 c5 6. a3 Bxc3+ 7. bxc3 d6 8. Bd3 Qe7 9. f3 g6 10. Ne2 e5 11. e4 f4 12. g3 g5 13. h4 g4 14. gxf4 gxf3 15. Ng3 Rg8 16. Qf2 exd4 17.
cxd4 Nc6 18. d5 Nd4 19. Bb2 Ng4 20. Qd2 f2+ 21. Kf1 Nb3 22. Qc3 Nxa1 23. Bxa1 Bd7 24. e5 dxe5 25. fxe5 Rf8 26. e6 Bxe6 27. dxe6 O-O-O 28. Be4 Rd1+ 29. Ke2 Rxh1 30. Nxh1 f1=Q+ 31. Kd2 Rd8+ 32.
Kc2 Qd1+ 33. Kb2 Rd2+ 34. Qxd2 Qxd2+ 35. Bc2 Qf6+ 36. Kb3 Qxa1 37. Nf2 Qxc2+ 38. Kxc2 Qa2+ 39. Kd3 Qxf2 40. e7 Kd7 41. e8=Q+ Kxe8 42. a4 Qe3+ 43. Kc2 Qd4 44. Kb3 Ne3 45. a5 Qxc4+ 46. Ka3 Qb4+ 47.
Ka2 c4 48. a6 Qb3+ 49. Ka1 Nc2# 0-1